 Dungeon Crawl Stone Soup version 0.23-a0-358-g98c7a59 (webtiles) character file.

338 BingusPrime the Sneak (level 6, 0/42 HPs)
             Began as an Octopode Warper on Oct 22, 2018.
             Was a Follower of Dithmenos.
             Slain by a phantom (8 damage)
             ... on level 4 of the Dungeon.
             The game lasted 00:15:52 (4076 turns).

BingusPrime the Sneak (Octopode Warper)             Turns: 4076, Time: 00:15:52

Health: 0/42       AC:  1    Str: 10    XL:     6   Next: 55%
Magic:  10/10      EV: 14    Int: 15    God:    Dithmenos [*.....]
Gold:   168        SH:  0    Dex: 14    Spells: 3/10 levels left

rFire    . . .     SeeInvis .   n - +2 dagger (speed)
rCold    . . .     Gourm    .   (no shield)
rNeg     . . .     Faith    .   (helmet restricted)
rPois    .         Spirit   .   (no amulet)
rElec    .         Reflect  .   h - +3 ring of slaying
rCorr    .         Harm     .   (no ring)
MR       .....                  (no ring)
Stlth    +++++.....             (no ring)
HPRegen  0.14/turn              (no ring)
MPRegen  0.12/turn              (no ring)
                                (no ring)
                                (no ring)

@: wreathed by umbra
A: almost no armour, stealthy swim, amphibious, 8 rings, constrict 8, camouflage
1, gelatinous body 1
a: Renounce Religion


You were on level 4 of the Dungeon.
You worshipped Dithmenos.
Dithmenos was aware of your devotion.
You were very hungry.

You visited 2 branches of the dungeon, and saw 5 of its levels.

You collected 168 gold pieces.

Inventory:

Hand Weapons
 a - a +1 falchion
 e - a +2 dagger of holy wrath
 n - a +2 dagger of speed (weapon)
Missiles
 d - 3 tomahawks of dispersal (quivered)
Jewellery
 h - a +3 ring of slaying (left tentacle)
 l - an uncursed ring of attention
Scrolls
 c - 2 scrolls of blinking
 m - a scroll of magic mapping
 o - a scroll of remove curse
 p - a scroll of teleportation
 q - a scroll of enchant armour {unknown}
Potions
 b - 4 potions of curing {unknown}
 g - 6 potions of heal wounds
 i - a potion of brilliance
 j - 2 potions of cancellation {unknown}
 k - a potion of might {unknown}
 r - a potion of magic {unknown}
 s - a potion of mutation {unknown}
Comestibles
 f - 8 rations


   Skills:
 * Level 3.0 Fighting
 + Level 1.1(2.0) Short Blades
 + Level 2.6(2.7) Long Blades
 + Level 1.0 Throwing
 + Level 3.2 Dodging
 * Level 5.8 Stealth
 + Level 2.8 Spellcasting
 + Level 3.2 Translocations


You had 3 spell levels left.
You knew the following spells:

 Your Spells              Type           Power        Failure   Level  Hunger
a - Blink                 Tloc           N/A          9%          2    ##.....
b - Shroud of Golubria    Chrm/Tloc      #.........   16%         2    ##.....
c - Gell's Gravitas       Tloc           ##........   16%         3    ###....

Your spell library contained the following spells:

 Spells                   Type           Power        Failure   Level  Hunger
 Lesser Beckoning         Tloc           ##........   16%         3    ###....
 Teleport Other           Tloc           ##......     16%         3    ###....
 Animate Skeleton         Necr           N/A          21%         1    #......
 Pain                     Necr           #...         21%         1    #......
 Regeneration             Chrm/Necr      #.........   52%         3    ###....
 Vampiric Draining        Necr           #.........   52%         3    ###....
 Passage of Golubria      Tloc           N/A          47%         4    #####..
 Animate Dead             Necr           N/A          90%         4    #####..


Dungeon Overview and Level Annotations

Branches:
Dungeon (4/15)             Temple (1/1) D:4

Altars:
Ashenzari
Dithmenos
Elyvilon
Fedhas
Gozag
Kikubaaqudgha
Nemelex Xobeh
Qazlal
Ru
Sif Muna
Uskayaw
Vehumet
Wu Jian
Yredelemnul
Zin
The Shining One

Annotations:
D:4 Menkaure


Innate Abilities, Weirdness & Mutations

You cannot wear most types of armour.
You are very stealthy in the water. (Stealth+)
You are amphibious.
You can wear up to eight rings at the same time.
You can use your tentacles to constrict eight enemies at once.
Your skin changes colour to match your surroundings (Stealth+).
Your rubbery body absorbs attacks. (AC +1, EV +1)


Message History

The phantom is heavily damaged.
The phantom misses you.
You completely miss the phantom.
The phantom is heavily damaged.
The phantom closely misses you.
You closely miss the phantom.
The phantom is heavily damaged.
You closely miss the phantom. Your squeeze misses the phantom.
The phantom is heavily damaged.
The phantom hits you!
You hit the phantom.
The phantom is heavily damaged.
You barely miss the phantom. You squeeze the phantom.
The phantom is severely damaged.
The phantom hits you!
* * * LOW HITPOINT WARNING * * *
You barely miss the phantom.
The phantom is severely damaged.
The phantom hits you!
You die...

##### #.... #################
#.... #>..............# #....
##.##'##.....###.# #....
...[...#.....###'#### #....
.#.........####.....# #..(.
.#......##.####..$..##########...
................@W...............
#..........................###...
#...##.###.....(...........# ####
#....#.# #.....###.[.#####'## #
#.#....# #..... #.### #...# #
#....### ###### #..# #...#####
#....# #.#####...##... ##...#
#..##.....#..#. #...#
###'##....##...#


You could see a phantom.

Vanquished Creatures
  A big kobold (D:4)
  An orc wizard (D:3)
  Terence (D:3)
  Natasha (thrice) (D:2)
  A hound skeleton (D:4)
  Robin (D:2)
  3 adders
  An ooze (D:4)
  2 worms
  2 leopard geckos
  5 orcs (D:3)
  A ball python (D:1)
  6 bats
  2 giant cockroaches
  12 goblins
  7 hobgoblins
  2 quokkas
  A frilled lizard (D:1)
  10 kobolds
  12 rats
  A spectral orc (D:2)
  A bush (D:3)
76 creatures vanquished.

Notes
Turn   | Place    | Note
-------+----------+-------------------------------------------
     0 | D:1      | BingusPrime the Octopode Warper began the quest for the
                  | Orb.
     0 | D:1      | Reached XP level 1. HP: 14/14 MP: 3/3
   443 | D:1      | Reached XP level 2. HP: 19/19 MP: 5/5
  1137 | D:2      | Reached XP level 3. HP: 22/24 MP: 6/6
  1202 | D:2      | Found a deep blue altar of Sif Muna.
  1261 | D:2      | Reached skill level 1 in Stealth
  1271 | D:2      | Noticed Robin
  1309 | D:2      | Killed Robin
  1353 | D:2      | Reached skill level 2 in Stealth
  1364 | D:2      | Reached XP level 4. HP: 14/30 MP: 7/7
  1540 | D:2      | Found a basalt altar of Yredelemnul.
  1754 | D:2      | Noticed Natasha
  1761 | D:2      | Killed Natasha
  1889 | D:2      | Found a shadowy altar of Dithmenos.
  1895 | D:2      | Became a worshipper of Dithmenos the Shadowed
  2123 | D:3      | Reached skill level 3 in Stealth
  2158 | D:2      | Noticed Natasha
  2169 | D:2      | Killed Natasha
  2169 | D:2      | Reached XP level 5. HP: 14/35 MP: 9/9
  2210 | D:2      | Noticed Natasha
  2452 | D:2      | Killed Natasha
  2510 | D:3      | Learned a level 2 spell: Blink
  2518 | D:3      | Learned a level 2 spell: Shroud of Golubria
  2551 | D:3      | Reached skill level 4 in Stealth
  2813 | D:3      | Learned a level 3 spell: Gell's Gravitas
  2870 | D:3      | Noticed Terence
  2876 | D:3      | Killed Terence
  2876 | D:3      | Reached skill level 5 in Stealth
  2876 | D:3      | Reached XP level 6. HP: 41/41 MP: 7/10
  3053 | D:3      | Reached skill level 1 in Short Blades
  3473 | D:4      | Noticed Menkaure
  3718 | D:4      | Noticed a phantom
  3734 | D:4      | Found a staircase to the Ecumenical Temple.
  3751 | D:4      | Reached * piety under Dithmenos
  3761 | Temple   | Entered the Ecumenical Temple
  4076 | D:4      | Slain by a phantom

Vault maps used:
D:1:      dpeg_arrival_concentric_ovals
D:2:      led_sif_pool, yredelemnul_forgotten_temple_becter, first_ration,
          grunt_dithmenos_smoke_and_mirrors, uniq_robin, uniq_natasha
D:3:      minmay_tree_intersection, chequers_garden, lexackson_kobold_supper,
          uniq_terence
D:4:      minmay_temple_entry_grid, ebering_ghost_rock_garden,
          minmay_misc_feat_square, uniq_menkaure, uniq_edmund
Temple:   nicolae_temple_great_sept

Skill      XL: |  1  2  3  4  5  6 |
---------------+-------------------+-----
Stealth        | 2 3 5 |  5.8
Dodging        | 3 |  3.2
Short Blades   | 1 |  1.1
Fighting       | 3 |  3.0
Long Blades    | |  2.6
Throwing       | |  1.0
Spellcasting   | |  2.8
Translocations | |  3.2

Action                   |  1- 3 |  4- 6 || total
-------------------------+-------+-------++-------
Melee: Falchion          |    51 |     8 ||    59
       Constrict         |    22 |    23 ||    45
       Tentacles         |    10 |    47 ||    57
       Dagger            |       |   184 ||   184
Throw: Tomahawk          |     1 |     1 ||     2
 Cast: Shroud of Golubri |       |     2 ||     2
       Blink             |       |     1 ||     1
       Gell's Gravitas   |       |     4 ||     4
  Use: Scroll            |     5 |     2 ||     7
       Potion            |     1 |       ||     1
 Stab: Sleeping          |     4 |     9 ||    13
  Eat: Chunk             |     1 |     5 ||     6
       Ration            |       |     1 ||     1
Armor: Skin              |     4 |     2 ||     6
Dodge: Dodged            |    41 |    43 ||    84
       Rpst.: Falchion   |    12 |     2 ||    14

Table legend:
 A = Non-vault XP
 B = Vault XP
 C = Vault XP percentage of total XP
 D = Non-vault monster count
 E = Vault monster count
 F = Vault count percentage of total count
                 A         B        C        D         E       F
            +---------+---------+-------+---------+---------+-------
      Total |     366 |     117 |  24.2 |      53 |      22 |  29.3
            +---------+---------+-------+---------+---------+-------
        D:1 |      31 |       0 |   0.0 |      19 |       0 |   0.0
        D:2 |     107 |      71 |  39.9 |      15 |      13 |  46.4
        D:3 |      84 |      46 |  35.4 |      13 |       9 |  40.9
        D:4 |     144 |       0 |   0.0 |       6 |       0 |   0.0
            +---------+---------+-------+---------+---------+-------
